 Dungeon Crawl Stone Soup version 0.30-a0-476-g330ca2eb8e (webtiles) character file.

Game seed: 2654722598919792987

370 tilp the Covered (level 7, -7/50 (59) HPs)
             Began as a Meteoran Fighter on Dec 21, 2022.
             Was an Initiate of Okawaru.
             Mangled by a wight
             ... wielding a +0 halberd
              (9 damage)
             ... on level 5 of the Dungeon.
             The game lasted 00:05:17 (924 turns).

tilp the Covered (Meteoran Fighter)                  Turns: 924, Time: 00:05:18

HP:   -7/50 (59)    AC: 10    Str: 17    XL:     7   Next: 22%
MP:   8/8           EV: 11    Int:  9    God:    Okawaru [......]
Gold: 108           SH:  5    Dex: 17    Spells: 6/6 levels left

rFire   . . .      SeeInvis .    a - +0 long sword
rCold   . . .      Faith    .    c - +0 buckler
rNeg    . . .      Spirit   .    b - +0 scale mail
rPois   .          Reflect  .    (no helmet)
rElec   .          Harm     .    q - +2 cloak
rCorr   .          Rampage  .    (no gloves)
Will    +....                    (no boots)
Stlth   +.........               (no amulet)
HPRegen 0.28/turn                v - ring of willpower
MPRegen 0.11/turn                (no ring)

@: glowing, heavily drained
A: sense surroundings 1, otherworldly, glowing, explore regen
a: Renounce Religion


You were on level 5 of the Dungeon.
You worshipped Okawaru.
Okawaru was noncommittal.
You visited 2 branches of the dungeon, and saw 7 of its levels.

You collected 108 gold pieces.

Inventory:

Hand Weapons
 a - a +0 long sword (weapon)
Missiles
 h - 7 stones (quivered)
Armour
 b - a +0 scale mail (worn)
 c - a +0 buckler (worn)
 n - a +0 plate armour
 q - a +2 cloak (worn)
Jewellery
 v - a ring of willpower (left hand)
Wands
 p - a wand of acid (11)
Scrolls
 f - a scroll of enchant weapon {unknown}
 g - a scroll of teleportation {unknown}
 i - a scroll of immolation {unknown}
 j - a scroll of poison {unknown}
 l - 2 scrolls of enchant armour {unknown}
Potions
 e - a potion of mutation {unknown}
 k - a potion of ambrosia {unknown}
 m - 2 potions of heal wounds {unknown}
 o - a potion of invisibility {unknown}
 r - a potion of attraction {unknown}
 s - a potion of curing
 t - a potion of flight {unknown}
 u - a potion of magic {unknown}


   Skills:
 + Level 4.0 Fighting
 + Level 4.0 Long Blades
 + Level 2.0 Throwing
 + Level 4.0 Armour
 + Level 4.0 Dodging
 + Level 2.0 Stealth
 - Level 4.0 Shields
 + Level 0.1 Invocations
 + Level 2.0 Evocations


You had 6 spell levels left.
You didn't know any spells.
Your spell library was empty.

Dungeon Overview and Level Annotations

Branches:
Dungeon (6/15) Zot: 2642   Temple (1/1) D:4 Zot: 587

Altars:
Ashenzari
Gozag
Hepliaklqana
Okawaru
Qazlal
Ru
Xom
Yredelemnul
The Shining One

Shops:
D:4 [


Innate Abilities, Weirdness & Mutations

You passively map a small area around you.
You are easily found by Zot.
You glow in the dark.
You regain HP and MP as you explore.


Message History

Things that are here:
a +0 trident; a +0 robe A wight comes into view.
It is wielding a +0 halberd.
A wight comes into view. It is wielding a +0 battleaxe.
The wight hits you from afar with a +0 halberd.
You feel drained.
Things that are here:
a +0 trident; a +0 robe A wight comes into view.
It is wielding a +4 great sword of freezing.
The wight hits you but does no damage.
Things that are here:
a +0 trident; a +0 robe The wight hits you with a +0 battleaxe.
The wight attacks as you move away! The wight hits you with a +0 battleaxe.
You feel drained.
You hit the wight.
The wight is moderately damaged.
The wight hits you with a +0 battleaxe. The wight hits you with a +0 battleaxe!
You feel drained. The wight closely misses you.
You hit the wight but do no damage.
The wight is moderately damaged.
The wight hits you with a +0 battleaxe. The wight closely misses you.
You closely miss the wight.
The wight is moderately damaged.
The wight closely misses you. The wight barely misses you.
You hit the wight.
The wight is heavily damaged.
The wight hits you with a +0 battleaxe.
You feel drained.
The wight hits you from afar with a +0 halberd!
* * * LOW HITPOINT WARNING * * *
You completely miss the wight.
The wight is heavily damaged.
The wight hits you but does no damage.
The wight hits you from afar with a +0 halberd.
* * * LOW HITPOINT WARNING * * *
The wight hits you with a +0 battleaxe.
* * * LOW HITPOINT WARNING * * *
You feel drained.
The wight hits you from afar with a +0 halberd!
You die...

#####.........z#.##. , ,
#...#######......... #.8.#
#......###.##. , ,
###...###.⌠......#.#######
* ,
.................)........
,
.>........#####..#<#.#####
..........# ##z....# **
###.......#### #z#......#
#.......[..# #@#.###....#*
#........<.# #.#.# *#.#..
.............# #.#.#***.#
. ..⌠.###...#### #.#.., ,
** ....# #.8.# #.### #####
#...# #.. , ##### *### , ,
,, , , * * , ,*


You could see 2 wights.

Vanquished Creatures
  Blork the orc (D:4)
  A necrophage (D:4)
  A wight (D:5)
  A howler monkey (D:5)
  An orc priest (D:4)
  2 orc wizards (D:4)
  2 adders (D:4)
  2 ufetubi (D:4)
  A dart slug (D:3)
  6 orcs
  2 ball pythons
  8 endoplasms
  2 goblins
  2 hobgoblins
  2 quokkas
  A bat (D:1)
  2 frilled lizards (D:1)
  5 kobolds
  A rat (D:3)
43 creatures vanquished.

Notes
Turn   | Place    | Note
-------+----------+-------------------------------------------
     0 | D:1      | tilp the Meteoran Fighter began the quest for the Orb.
     0 | D:1      | Reached XP level 1. HP: 19/19 MP: 2/2
    68 | D:1      | Reached XP level 2. HP: 26/26 MP: 3/3
    77 | D:1      | Reached skill level 1 in Dodging
   182 | D:3      | Reached XP level 3. HP: 27/31 MP: 4/4
   271 | D:5      | Entered Level 5 of the Dungeon
   271 | D:5      | Noticed a howler monkey
   284 | D:5      | Killed a howler monkey
   285 | D:5      | Reached XP level 4. HP: 33/38 MP: 5/5
   373 | D:4      | Reached skill level 1 in Throwing
   373 | D:4      | Reached skill level 1 in Evocations
   373 | D:4      | Reached XP level 5. HP: 29/45 MP: 6/6
   465 | D:4      | Reached skill level 1 in Stealth
   523 | D:4      | Found a hazy altar of Hepliaklqana.
   557 | D:4      | Noticed a necrophage
   565 | D:4      | Killed a necrophage
   566 | D:4      | Reached XP level 6. HP: 50/52 MP: 7/7
   601 | D:4      | Found Zasotoc's Armour Boutique.
   794 | D:5      | Noticed Blork the orc
   803 | D:4      | Killed Blork the orc
   804 | D:4      | Reached XP level 7. HP: 25/59 MP: 8/8
   826 | D:4      | Found a staircase to the Ecumenical Temple.
   846 | Temple   | Entered the Ecumenical Temple
   852 | Temple   | Became a worshipper of Warmaster Okawaru
   924 | D:5      | HP: 2/51 [wight/+0 battleaxe (4)]
   924 | D:5      | Mangled by a wight

Illustrated notes

Levels and vault maps discovered:
D:1:      enne_arrival_octagon_isle, layout_rooms, minmay_misc_feat_doors
D:2:      minmay_general_purpose_star, layout_basic, basic_altar,
          minmay_goblin_kobold_house
D:3:      layout_basic, slow_altar_1
D:4:      layout_basic, kennysheep_mini, minmay_temple_entry_large_hall,
          nicolae_inconvenience_store
D:5:      layout_basic, tgw_fedhas, kennysheep_crisscross,
          nicolae_elevator_lobby_asterisk, uniq_blork_the_orc, uniq_eustachio
D:6:      layout_basic, mainiacjoe_overflow_tiny_flanked,
          mainiacjoe_overflow_chevrons, amcnicky_altar_gilded, st_stairs_9
Temple:   hellmonk_temple_two_chambers

Skill      XL: |  1  2  3  4  5  6  7 |
---------------+----------------------+-----
Dodging        | 1 2 3 4 |  4.0
Armour         | 4 |  4.0
Shields        | 4 |  4.0
Throwing       | 1 2 |  2.0
Evocations     | 1 2 |  2.0
Long Blades    | 3 4 |  4.0
Stealth        | 1 2 |  2.0
Fighting       | 4 |  4.0
Invocations    | |  0.1

Action                   |  1- 3 |  4- 6 |  7- 9 || total
-------------------------+-------+-------+-------++-------
Melee: Long sword        |    33 |   100 |    18 ||   151
Throw: Stone             |     6 |       |       ||     6
  Use: Potion            |       |     1 |       ||     1
Armor: Scale mail        |    14 |    85 |     5 ||   104
Dodge: Dodged            |     7 |    39 |    12 ||    58
Block: Buckler           |     9 |    40 |     1 ||    50

Table legend: (Time is in decaauts)
 A = Elapsed time spent in this place.
 B = Non-inter-level travel time spent in this place.
 C = Inter-level travel time spent in this place.
 D = Time resting spent in this place.
 E = Time spent auto-exploring this place.
 F = Levels seen in this place.
 G = Mean time per level.
                   A        B        C        D        E       F      G
               +--------+--------+--------+--------+--------+-----+--------+
         Total |    969 |    777 |    192 |      0 |      0 |   7 |  138.4 |
       Dungeon |    956 |    769 |    187 |      0 |      0 |   6 |  159.3 |
        Temple |     12 |      7 |      5 |      0 |      0 |   1 |   12.0 |
               +--------+--------+--------+--------+--------+-----+--------+

Top non-repeatable levels by time:
     D:4: 531 daAuts
     D:3: 174 daAuts
     D:1: 114 daAuts
     D:5: 111 daAuts
     D:2: 23 daAuts
  Temple: 12 daAuts
     D:6: 1 daAuts
